 Dungeon Crawl Stone Soup version 0.22.1-1-ga44c0e5 (webtiles) character file.

9 Garbasso the Caller (level 2, 0/15 HPs)
             Began as a Tengu Summoner on Oct 3, 2018.
             Slain by a goblin
             ... wielding a +0 dagger
              (2 damage)
             ... on level 1 of the Dungeon.
             The game lasted 00:01:30 (222 turns).

Garbasso the Caller (Tengu Summoner)                 Turns: 222, Time: 00:01:31

Health: 0/15       AC:  2    Str:  8    XL:     2   Next: 12%
Magic:  2/6        EV: 13    Int: 15    God:
Gold:   8          SH:  0    Dex: 14    Spells: 4/5 levels left

rFire    . . .     SeeInvis .   b - -2 mace (curse)
rCold    . . .     Gourm    .   (no shield)
rNeg     . . .     Faith    .   a - +0 robe
rPois    .         Spirit   .   (helmet restricted)
rElec    .         Reflect  .   (no cloak)
rCorr    .         Harm     .   (no gloves)
MR       .....                  (boots unavailable)
Stlth    ++........             (no amulet)
HPRegen  0.05/turn              (no ring)
MPRegen  0.10/turn              (no ring)

@: no status effects
A: beak, talons 3
a: no special abilities


You were on level 1 of the Dungeon.
You were not hungry.

You visited 1 branch of the dungeon, and saw 1 of its levels.

You collected 8 gold pieces.

Inventory:

Hand Weapons
 b - a cursed -2 mace (weapon)
Armour
 a - a +0 robe (worn)
Jewellery
 e - an uncursed ring of protection from fire {unknown}
Potions
 d - a potion of degeneration {unknown}
Comestibles
 c - 2 rations
 f - a chunk of flesh


   Skills:
 + Level 2.4 Dodging
 - Level 2.0 Stealth
 + Level 2.1 Spellcasting
 * Level 5.1 Summonings


You had 4 spell levels left.
You knew the following spells:

 Your Spells              Type           Power        Failure   Level  Hunger
a - Summon Small Mammal   Summ           ###.         2%          1    #......

Your spell library contained the following spells:

 Spells                   Type           Power        Failure   Level  Hunger
 Call Imp                 Summ           ###.....     4%          2    ###....
 Call Canine Familiar     Summ           ###.....     8%          3    ###....
 Summon Guardian Golem    Hex/Summ       #.......     22%         3    ###....
 Summon Ice Beast         Ice/Summ       #.......     58%         4    #####..
 Summon Lightning Spire   Summ/Air       #.......     58%         4    #####..


Dungeon Overview and Level Annotations

Branches:
Dungeon (1/15)

Altars:


Innate Abilities, Weirdness & Mutations

You have a beak for a mouth.
You have claws for feet.


Message History

Your bat hits the rat but does no damage.
Your bat misses the goblin.
Your quokka barely misses the jackal.
The goblin hits you with a dagger.
* * * LOW HITPOINT WARNING * * *
The jackal bites your quokka.
The frilled lizard bites your quokka but does no damage.
The rat completely misses your bat.
Your quokka bites the jackal.
Your bat hits the rat.
The rat dies!
The goblin barely misses you.
The frilled lizard closely misses your quokka.
The jackal bites your quokka but does no damage.
Your bat misses the jackal.
Your quokka bites the jackal.
The jackal closely misses your quokka.
Your bat barely misses the jackal.
Your bat closely misses the goblin.
Your bat barely misses the goblin.
Your quokka closely misses the jackal.
The jackal barely misses your quokka.
Your bat hits the frilled lizard.
Your bat barely misses the frilled lizard.
The goblin hits you with a dagger.
You die...

........#####
..###'##....#
..#....#....#
.......#....#
.......#....## ##+##
.......#.....# .....
...........#.# ....
+##+#.##.....######
#..# .
#.##........@.#
...#...
#......)...g##....#)$
#..........bl†.....#
#..........brh......#
#.........#.†.#.....#
#...#####)#...#.%..#.
#...# #...#...+ .##..
#...# #.###$$.# .r .
#...# #. #...# ..


You could see a jackal, a goblin, a frilled lizard, a friendly quokka and 2
friendly bats.

Vanquished Creatures
  2 jackals (D:1)
  3 kobolds (D:1)
5 creatures vanquished.

Vanquished Creatures (collateral kills)
  An ooze (D:1)
  2 rats (D:1)
3 creatures vanquished.

Grand Total: 8 creatures vanquished

Notes
Turn   | Place    | Note
-------+----------+-------------------------------------------
     0 | D:1      | Garbasso the Tengu Summoner began the quest for the Orb.
     0 | D:1      | Reached XP level 1. HP: 10/10 MP: 4/4
   160 | D:1      | Reached skill level 5 in Summonings
   211 | D:1      | Reached XP level 2. HP: 12/15 MP: 1/6
   222 | D:1      | Slain by a goblin

Skill      XL: |  1 |
---------------+----+-----
Summonings     | 5 |  5.1
Dodging        | |  2.4
Stealth        | |  2.0
Spellcasting   | |  2.1

Action                   || total
-------------------------++-------
Melee: Mace              ||    14
       Peck              ||     3
 Cast: Summon Small Mamm ||     9
 Stab: Distracted        ||     1
Armor: Robe              ||     3
Dodge: Dodged            ||    18
